 Dungeon Crawl Stone Soup version 0.24.0-125-gc4c63601f3 (webtiles) character file.

Game seed: 14367235865476975456, levelgen mode: deterministic

44 Frank2 the Cudgeler (level 3, -1/27 HPs)
             Began as a Demonspawn Gladiator on Mar 7, 2020.
             Slain by Terence
             ... wielding a +4 flail of crushing
              (2 damage)
             ... on level 2 of the Dungeon.
             The game lasted 00:01:46 (1080 turns).

Frank2 the Cudgeler (Demonspawn Gladiator)          Turns: 1080, Time: 00:01:47

Health: -1/27      AC:  8    Str: 14    XL:     3   Next: 41%
Magic:  3/3        EV: 12    Int:  9    God:
Gold:   79         SH:  0    Dex: 15    Spells: 2/2 levels left

rFire    . . .     SeeInvis .   a - +0 flail
rCold    . . .     Gourm    .   (no shield)
rNeg     . . .     Faith    .   j - +0 ring mail
rPois    .         Spirit   .   c - +0 helmet
rElec    .         Reflect  .   e - +0 cloak
rCorr    .         Harm     .   (no gloves)
MR       .....                  m - +0 pair of boots
Stlth    +.........             (no amulet)
HPRegen  0.09/turn              (no ring)
MPRegen  0.08/turn              (no ring)

@: no status effects
A: powered by pain 1
a: no special abilities


You were on level 2 of the Dungeon.
You were hungry.

You visited 1 branch of the dungeon, and saw 2 of its levels.

You collected 79 gold pieces.

Inventory:

Hand Weapons
 a - a +0 flail (weapon)
Missiles
 d - 3 throwing nets (quivered)
Armour
 c - a +0 helmet (worn)
 e - a +0 cloak (worn)
 j - a +0 ring mail (worn)
 m - a +0 pair of boots (worn)
Scrolls
 b - a scroll of enchant armour {unknown}
 g - a scroll of random uselessness {unknown}
 n - a scroll of identify {unknown}
 o - a scroll of remove curse {unknown}
Potions
 h - a potion of brilliance {unknown}
 i - a potion of agility {unknown}
 k - a potion of flight {unknown}
 l - a potion of haste {unknown}
Comestibles
 f - a ration


   Skills:
 + Level 2.2 Fighting
 + Level 3.4 Maces & Flails
 - Level 1.7 Throwing
 + Level 0.9 Armour
 + Level 3.0 Dodging


You had 2 spell levels left.
You didn't know any spells.
Your spell library was empty.

Dungeon Overview and Level Annotations

Branches:
Dungeon (2/15)

Altars:
Ashenzari

Annotations:
D:2 Terence


Innate Abilities, Weirdness & Mutations

You sometimes gain a little power by taking damage.


Message History

The bat hits you but does no damage. The adder completely misses you.
Terence hits you with a +4 flail of crushing!
The adder misses you. The kobold hits you but does no damage.
You are too injured to fight recklessly!
You are too injured to fight recklessly!
You are too injured to fight recklessly!
You are too injured to fight recklessly!
You are too injured to fight recklessly!
You are too injured to fight recklessly!
You are too injured to fight recklessly!
You are too injured to fight recklessly!
You are too injured to fight recklessly!
You are too injured to fight recklessly!
You are too injured to fight recklessly!
You are too injured to fight recklessly!
You sock the kobold!
You kill the kobold!
Terence hits you with a +4 flail of crushing!
* * * LOW HITPOINT WARNING * * *
You die...

.................
.................
......!..........
.................
...............>.
..........r.....
#....b@......
#.<.@S......
##...(.#....
####### .


You could see Terence, an adder, a bat and a rat.

Vanquished Creatures
  An adder (D:2)
  A dart slug (D:1)
  A leopard gecko (D:1)
  A ball python (D:1)
  2 bats (D:1)
  A giant cockroach (D:1)
  5 hobgoblins (D:1)
  3 jackals (D:1)
  3 frilled lizards (D:1)
  3 goblins
  7 kobolds
28 creatures vanquished.

Notes
Turn   | Place    | Note
-------+----------+-------------------------------------------
     0 | D:1      | Frank2 the Demonspawn Gladiator began the quest for the
                  | Orb.
     0 | D:1      | Reached XP level 1. HP: 16/16 MP: 1/1
   318 | D:1      | Found a shattered altar of Ashenzari.
   404 | D:1      | Gained mutation: You sometimes gain a little power by
                  | taking damage. [demonic ancestry]
   404 | D:1      | Reached XP level 2. HP: 13/22 MP: 2/2
   832 | D:1      | Reached XP level 3. HP: 24/27 MP: 3/3
  1068 | D:2      | Noticed Terence
  1080 | D:2      | HP: 1/27 [Terence/+4 flail of crushing (8)]
  1080 | D:2      | Slain by Terence

Levels and vault maps discovered:
D:1:      sevenhm_arrival_forest_fort_small_3, layout_basic, ashenzari_altar_1
D:2:      minmay_recursive_quarters, layout_rooms, okawaru_gym_becter,
          first_ration, uniq_terence

Skill      XL: |  1  2 |
---------------+-------+-----
Maces & Flails | 3 |  3.4
Dodging        | 3 |  3.0
Fighting       | |  2.2
Throwing       | |  1.7
Armour         | |  0.9

Action                   || total
-------------------------++-------
Melee: Flail             ||   100
Armor: Leather armour    ||    13
       Ring mail         ||    41
Dodge: Dodged            ||   105
